 Dungeon Crawl Stone Soup version 0.16.2-12-gd0ad4c3 (webtiles) character file.

12500 faibistes the Thaumaturge (level 11, -2/61 HPs)
             Began as a Deep Elf Wizard on Mar 28, 2018.
             Was a High Priest of Sif Muna.
             Killed from afar by a centaur (21 damage)
             ... with a wand of lightning
             ... on level 11 of the Dungeon.
             The game lasted 00:53:12 (16520 turns).

faibistes the Thaumaturge (Deep Elf Wizard)        Turns: 16520, Time: 00:53:12

Health: -2/61      AC: 10    Str:  4    XL:     11   Next: 63%
Magic:  31/34      EV: 16    Int: 27    God:    Sif Muna [*****.]
Gold:   658        SH:  0    Dex: 13    Spells: 6 memorised, 22 levels left

rFire  . . .     SeeInvis .     w - +2 dagger (venom)
rCold  . . .     Clarity  .     S - +2 robe {MR+}
rNeg   + . .     SustAb   .     (no shield)
rPois  +         Gourm    .     b - +1 hat
rElec  .         Spirit   .     O - +1 cloak
rCorr  .         Warding  +     o - +2 pair of gloves
rMut   .         Stasis   .     (no boots)
MR     +++..                    C - amulet of warding
Stlth  ++........               x - ring of protection from magic
                                l - ring of poison resistance

@: repel missiles, extremely resistant to hostile enchantments, unstealthy
A: no striking features
a: Channel Energy, Forget Spell, Renounce Religion


You were on level 11 of the Dungeon.
You worshipped Sif Muna.
Sif Muna was extremely pleased with you.
You were not hungry.

You visited 2 branches of the dungeon, and saw 13 of its levels.
You also visited: Ossuary.

You collected 826 gold pieces.
You spent 168 gold pieces at shops.

Inventory:

Hand weapons
 g - a +1 spear of venom
 h - a +1 short sword of speed
 w - a +2 dagger of venom (weapon)
Armour
 b - a +1 hat (worn)
 o - a +2 pair of gloves (worn)
 O - a +1 cloak (worn)
 S - a +2 robe of magic resistance (worn)
 U - the +3 hat of Pondering {ponderous, MR+ MP+10 Int+5}
   (You took it off Gastronok on level 8 of the Dungeon)

   It affects your intelligence (+5).
   It affects your resistance to hostile enchantments.
   It affects your magic capacity (+10).
Magical staves
 F - an uncursed staff of fire
Rods
 M - a +0 lightning rod (11/11)
   (You took it off an orc on level 5 of the Dungeon)
Jewellery
 l - a ring of poison resistance (left hand)
 x - a ring of protection from magic (right hand)
 C - an amulet of warding (around neck)
 P - an uncursed ring of see invisible
Magical devices
 D - a wand of fire (0)
 E - a wand of draining (0)
 G - a wand of random effects (16)
 L - a wand of random effects (23)
 Q - a wand of confusion (18)
 T - a wand of flame (20)
 V - a wand of magic darts (11)
Scrolls
 e - 3 scrolls of enchant armour
 j - 2 scrolls of recharging
 k - a scroll of noise
 q - 2 scrolls of fear
 r - a scroll of amnesia
 y - 3 scrolls of teleportation
 H - 3 scrolls of blinking
 J - 6 scrolls of remove curse
Potions
 f - 2 potions of magic
 m - 2 potions of lignification
 p - 3 potions of cure mutation
 t - 6 potions of restore abilities
 u - 3 potions of resistance
 v - 2 potions of berserk rage
 z - 2 potions of agility
 B - 3 potions of curing
 I - 2 potions of heal wounds
 N - 2 potions of brilliance
 W - a potion of flight {unknown}
 Y - 2 potions of degeneration {unknown}
 Z - a potion of might {unknown}
Books
 c - a book of Minor Magic

   Spells                             Type                      Level
   a - Magic Dart                     Conjuration                  1
   b - Blink                          Translocation                2
   c - Call Imp                       Summoning                    2
   d - Repel Missiles                 Charms/Air                   2
   e - Slow                           Hexes                        2
   f - Conjure Flame                  Conjuration/Fire             3
   g - Mephitic Cloud                 Conjuration/Poison/Air       3
 i - a book of Annihilations {highlevel, unknown}

   This book is beyond your current level of understanding.

   Spells                             Type                      Level
   a - Poison Arrow                   Conjuration/Poison           6
   b - Chain Lightning                Conjuration/Air              8
   c - Lehudib's Crystal Spear        Conjuration/Earth            8
   d - Glaciate                       Conjuration/Ice              9
   e - Fire Storm                     Conjuration/Fire             9
Miscellaneous
 s - a sack of spiders {used: 1}
Comestibles
 a - 7 chunks of flesh
 d - 8 bread rations
 n - 6 meat rations
 A - 4 slices of pizza
 K - 3 fruits
 R - 3 beef jerkies
 X - a royal jelly


   Skills:
 + Level 4.2 Fighting
 + Level 8.0 Dodging
 - Level 2.4 Stealth
 * Level 12.5 Spellcasting
 + Level 7.8 Conjurations
 + Level 3.5 Charms
 - Level 5.0 Summonings
 + Level 4.3 Translocations
 * Level 6.1 Fire Magic
 - Level 4.4 Air Magic
 - Level 3.1 Poison Magic
 * Level 5.0 Invocations
 + Level 4.6 Evocations


You had 22 spell levels left.
You knew the following spells:

 Your Spells              Type           Power        Failure   Level  Hunger
a - Magic Dart            Conj           ####         1%          1    None
b - Conjure Flame         Conj/Fire      ######..     1%          3    None
c - Call Imp              Summ           #####...     1%          2    None
d - Blink                 Tloc           N/A          1%          2    None
e - Mephitic Cloud        Conj/Pois/Air  #####...     1%          3    None
f - Repel Missiles        Chrm/Air       #####.       1%          2    None


Dungeon Overview and Level Annotations

Branches:
Dungeon (12/15)            Temple (1/1) D:4            Lair (0/8) D:11
    Orc (0/4) D:9

Altars:
Ashenzari
Cheibriados
Dithmenos
Elyvilon
Fedhas
Gozag
Kikubaaqudgha
Makhleb
Nemelex Xobeh
Okawaru
Qazlal
Ru
Sif Muna
Trog
Vehumet
Xom
Yredelemnul
Zin
The Shining One

Shops:
D:4 !


Message History

You start resting.
A brown ugly thing comes into view.
Casting: Mephitic Cloud
Confirm with . or Enter, or press ? or * to list all spells.
Okay, then.
Unknown command.
The brown ugly thing gurgles horribly!
The centaur shouts!
The centaur zaps a wand.
The bolt of lightning hits you!
It is a wand of lightning.
The centaur zaps a wand.
The bolt of lightning hits you!
The centaur zaps a wand.
The bolt of lightning hits you!
* * * LOW HITPOINT WARNING * * *
Casting: Mephitic Cloud
Confirm with . or Enter, or press ? or * to list all spells.
Aiming: Mephitic Cloud
Press: ? - help, Shift-Dir - straight line The ball explodes into a vile cloud!
The stinking cloud engulfs the centaur.
The centaur zaps a wand.
The bolt of lightning hits you!
You die...

...........).#............
.........(.......#.........
.......(........##........
.....##.c§§...............
# ###§§...............
##......####.......
######.....u.## ##.....
#.............# ####
#.###.#..@....#
##.............#
#...............#
.♣.♣............#
...............##
..............##
.(..............#
#.......♣♣..♣...##
#P...♣..>.......#


You could see a brown ugly thing and a centaur.

Vanquished Creatures
  Gastronok (D:8)
  Harold (D:10)
  Urug (D:10)
  An unseen horror (D:11)
  Pikel (D:8)
  A cyclops (D:11)
  Psyche (D:8)
  A merfolk (D:9)
  2 trolls
  A two-headed ogre (D:8)
  A wraith (D:11)
  A deep elf mage (D:8)
  A shadow (D:10)
  A steam dragon (D:10)
  6 yaks (D:9)
  2 hungry ghosts
  A hippogriff (D:7)
  4 porcupines
  A swamp drake (D:9)
  3 ice beasts
  4 orc warriors
  3 slaves (D:8)
  2 wasps
  A sky beast (D:5)
  8 ogres
  2 crocodiles
  8 centaurs
  3 big kobolds
  A gnoll sergeant (D:9)
  6 giant frogs
  5 water moccasin zombies (Ossuary)
  4 wights (D:11)
  5 killer bees (D:10)
  3 scorpions
  3 goliath beetles
  A centaur zombie (D:8)
  5 crimson imps
  3 iguanas
  4 orc priests
  5 hounds
  A centaur skeleton (D:8)
  A giant frog skeleton (D:9)
  10 orc wizards
  5 worker ants
  A killer bee zombie (D:4)
  10 sheep (D:11)
  Ijyb (D:2)
  4 big kobold zombies (Ossuary)
  2 hound skeletons
  2 mummies (Ossuary)
  Robin (D:2)
  3 gnolls (D:9)
  2 worker ant zombies
  14 adders
  4 river rats
  3 shadow imps
  4 worms
  An adder skeleton (D:7)
  3 adder zombies (Ossuary)
  7 giant geckos
  47 orcs
  12 bats
  A bat skeleton (D:6)
  7 giant cockroaches
  3 gnoll zombies (Ossuary)
  19 hobgoblins
  17 jackals
  30 kobolds
  7 quokkas
  2 ball pythons
  2 giant gecko skeletons
  5 giant newts
  2 giant spores (D:9)
  17 goblins
  A hobgoblin zombie (Ossuary)
  A jackal zombie (D:9)
  6 kobold zombies (Ossuary)
  6 orc zombies (Ossuary)
  A quokka skeleton (D:4)
  18 rats
  2 ballistomycetes (D:9)
393 creatures vanquished.

Vanquished Creatures (collateral kills)
  An orc wizard (D:5)
  A gnoll (D:9)
2 creatures vanquished.

Vanquished Creatures (others)
  A slave (D:9)
  2 spiders (D:10)
  A centaur (D:9)
  A killer bee (D:10)
  4 wights (D:8)
  A hobgoblin (D:9)
  An orc zombie (Ossuary)
  2 fungi (D:11)
  10 plants (D:11)
23 creatures vanquished.

Grand Total: 418 creatures vanquished

Notes
Turn   | Place    | Note
--------------------------------------------------------------
     0 | D:1      | faibistes, the Deep Elf Wizard, began the quest for the Orb.
     0 | D:1      | Reached XP level 1. HP: 10/10 MP: 6/6
   466 | D:1      | Reached XP level 2. HP: 15/15 MP: 3/9
   470 | D:1      | Learned a level 2 spell: Blink
   473 | D:1      | Learned a level 2 spell: Call Imp
  1055 | D:1      | Reached XP level 3. HP: 19/19 MP: 5/13
  1060 | D:1      | Learned a level 3 spell: Conjure Flame
  1064 | D:1      | Learned a level 3 spell: Mephitic Cloud
  1183 | D:2      | Reached skill level 5 in Spellcasting
  1931 | D:2      | Reached XP level 4. HP: 24/24 MP: 15/17
  1935 | D:2      | Learned a level 2 spell: Repel Missiles
  2062 | D:2      | Noticed Ijyb
  2101 | D:2      | Killed Ijyb
  2293 | D:2      | Noticed Robin
  2905 | D:2      | Killed Robin
  3063 | D:2      | Reached skill level 6 in Spellcasting
  3067 | D:2      | Reached XP level 5. HP: 26/28 MP: 14/20
  3448 | D:3      | Noticed an ogre
  3454 | D:3      | Killed an ogre
  3537 | D:4      | Found Genae's Distillery.
  3546 | D:4      | Reached XP level 6. HP: 29/32 MP: 13/22
  3596 | D:5      | Entered Level 5 of the Dungeon
  3651 | D:5      | Reached skill level 7 in Spellcasting
  3967 | D:5      | Reached XP level 7. HP: 23/37 MP: 0/25
  4091 | D:4      | Bought a potion of magic for 96 gold pieces
  4141 | D:5      | Found a sand-covered staircase.
  4183 | Ossuary  | Entered an ossuary
  4460 | Ossuary  | Reached skill level 1 in Fighting
  4490 | Ossuary  | Reached skill level 8 in Spellcasting
  4980 | Ossuary  | Reached skill level 5 in Dodging
  5215 | D:5      | Reached skill level 9 in Spellcasting
  5215 | D:5      | Reached XP level 8. HP: 45/45 MP: 21/28
  6032 | D:4      | Found a staircase to the Ecumenical Temple.
  6040 | D:4      | Noticed an ogre
  6042 | Temple   | Entered the Ecumenical Temple
  6046 | Temple   | Became a worshipper of Sif Muna the Loreminder
  6113 | Temple   | Killed an ogre
  6565 | D:4      | Found a basalt altar of Yredelemnul.
  6566 | D:4      | Noticed a profane servitor
  6570 | D:4      | Found a glowing golden altar of the Shining One.
  6571 | D:4      | Noticed an angel
  6819 | D:4      | Reached skill level 1 in Air Magic
  6963 | D:4      | Bought a potion of heal wounds for 60 gold pieces
  6963 | D:4      | Bought a potion of poison for 12 gold pieces
  6984 | D:5      | Found a white marble altar of Elyvilon.
  7190 | D:5      | Reached skill level 1 in Fire Magic
  7190 | D:5      | Reached skill level 1 in Poison Magic
  8036 | D:7      | Acquired Sif Muna's first power
  8208 | D:6      | Reached skill level 5 in Conjurations
  8573 | D:6      | Found a blossoming altar of Fedhas.
  8576 | D:6      | Found a sacrificial altar of Ru.
  8579 | D:6      | Found a shattered altar of Ashenzari.
  8842 | D:8      | Noticed Psyche
  8862 | D:8      | Killed Psyche
  8862 | D:8      | Reached skill level 10 in Spellcasting
  8862 | D:8      | Reached XP level 9. HP: 47/50 MP: 14/30
  9341 | D:7      | Acquired Sif Muna's second power
  9901 | D:8      | Noticed a two-headed ogre
 10028 | D:8      | Killed a two-headed ogre
 10075 | D:8      | Noticed Gastronok
 10092 | D:8      | Killed Gastronok
 10380 | D:8      | Reached skill level 5 in Summonings
 10405 | D:8      | Reached XP level 10. HP: 56/56 MP: 17/32
 10501 | D:9      | Reached skill level 11 in Spellcasting
 10512 | D:9      | Reached skill level 1 in Evocations
 10518 | D:9      | Reached skill level 1 in Invocations
 10978 | D:8      | Found a stormy altar of Qazlal.
 11114 | D:9      | Noticed Pikel
 11190 | D:8      | Killed Pikel
 11225 | D:10     | Entered Level 10 of the Dungeon
 12005 | D:9      | Acquired Sif Muna's third power
 12369 | D:9      | Noticed a manticore
 12529 | D:9      | Reached skill level 1 in Charms
 13060 | D:9      | Found a staircase to the Orcish Mines.
 13953 | D:10     | Found a basalt altar of Yredelemnul.
 13995 | D:10     | Reached skill level 5 in Fire Magic
 14048 | D:10     | Noticed Harold
 14061 | D:10     | Noticed Urug
 14088 | D:10     | Killed Harold
 14088 | D:10     | Reached XP level 11. HP: 42/60 MP: 12/33
 14269 | D:10     | Killed Urug
 14269 | D:10     | Reached skill level 12 in Spellcasting
 14343 | D:10     | Found a shimmering altar of Xom.
 14752 | D:10     | Found a staircase to the Orcish Mines.
 15563 | D:11     | Noticed an unseen horror
 15574 | D:11     | Killed an unseen horror
 15878 | D:11     | Found a staircase to the Lair.
 16216 | D:11     | Reached skill level 5 in Invocations
 16520 | D:11     | Killed from afar by a centaur

Action                   |  1- 3 |  4- 6 |  7- 9 | 10-12 || total
-------------------------+-------+-------+-------+-------++-------
Melee: Dagger            |     3 |    22 |    43 |   293 ||   361
       Short sword       |       |    31 |    74 |       ||   105
 Cast: Magic Dart        |   100 |   104 |   273 |   306 ||   783
       Mephitic Cloud    |     1 |    23 |    34 |    71 ||   129
       Conjure Flame     |       |     7 |    42 |    44 ||    93
       Repel Missiles    |       |     2 |     2 |     1 ||     5
       Blink             |       |       |     2 |     2 ||     4
Invok: Channel Energy    |       |       |       |     1 ||     1
Evoke: Wand              |       |       |     5 |    25 ||    30
       Rod               |       |       |     4 |       ||     4
       Sack of spiders   |       |       |       |     1 ||     1
  Use: Scroll            |       |    11 |     9 |     5 ||    25
       Potion            |       |       |     1 |       ||     1
 Stab: Confused          |       |     8 |     7 |    20 ||    35
       Sleeping          |       |     1 |       |     1 ||     2
  Eat: Chunk             |     3 |     6 |    18 |    18 ||    45
       Fruit             |       |       |     2 |     1 ||     3
       Royal jelly       |       |       |       |     1 ||     1
